 Dungeon Crawl Stone Soup version 0.24-a0-170-gd8427f5 (webtiles) character file.

Game seed: 7797246719444004160

3479 XanderDroid the Cleaver (level 9, -1/82 HPs)
             Began as a Minotaur Berserker on Mar 8, 2019.
             Was a High Priest of Trog.
             Slain by a two-headed ogre
             ... wielding a cursed -1 giant club
              (19 damage)
             ... on level 8 of the Dungeon.
             The game lasted 00:15:31 (6225 turns).

XanderDroid the Cleaver (Minotaur Berserker)        Turns: 6225, Time: 00:15:32

Health: -1/82      AC: 18    Str: 23    XL:     9   Next: 79%
Magic:  8/8        EV: 10    Int:  4    God:    Trog [*****.]
Gold:   303        SH:  4    Dex: 12    Spells: 8/8 levels left

rFire    . . .     SeeInvis .   a - +0 hand axe
rCold    . . .     Gourm    .   (no shield)
rNeg     . . .     Faith    .   y - +0 plate armour
rPois    +         Spirit   .   (helmet restricted)
rElec    .         Reflect  +   w - +0 cloak
rCorr    .         Harm     .   l - +2 pair of gloves
MR       +....                  (no boots)
Stlth    ..........             n - +4 amulet of reflection
HPRegen  0.23/turn              o - ring of poison resistance
MPRegen  0.11/turn              g - ring of protection from magic

@: no status effects
A: retaliatory headbutt, horns 2
a: Berserk, Trog's Hand, Brothers in Arms, Renounce Religion


You were on level 8 of the Dungeon.
You worshipped Trog.
Trog was extremely pleased with you.
You were hungry.

You visited 2 branches of the dungeon, and saw 9 of its levels.

You collected 424 gold pieces.
You spent 121 gold pieces at shops.

Inventory:

Hand Weapons
 a - a +0 hand axe (weapon)
 b - a +2 flail of protection
Missiles
 x - a throwing net (quivered)
Armour
 l - a +2 pair of gloves (worn)
 w - a +0 cloak (worn)
 y - a +0 plate armour (worn)
Jewellery
 g - a ring of protection from magic (right hand)
 n - a +4 amulet of reflection (around neck)
 o - a ring of poison resistance (left hand)
Wands
 h - a wand of flame (15)
Scrolls
 d - 2 scrolls of immolation
 f - a scroll of teleportation {unknown}
 j - 3 scrolls of magic mapping
 k - 5 scrolls of identify
 A - a scroll of enchant armour {unknown}
 B - a scroll of remove curse
Potions
 e - a potion of agility {unknown}
 i - a potion of invisibility {unknown}
 m - a potion of cancellation {unknown}
 p - a potion of magic {unknown}
 q - a potion of ambrosia
 r - a potion of flight {unknown}
 s - 2 potions of lignification
 t - a potion of brilliance {unknown}
 u - a potion of degeneration {unknown}
 z - 2 potions of mutation
Comestibles
 c - 6 rations
 v - a chunk of flesh


   Skills:
 + Level 8.4 Fighting
 * Level 11.0 Axes
 + Level 7.8 Armour
 + Level 7.2 Dodging


You had 8 spell levels left.
You didn't know any spells.
Your spell library was empty.

Dungeon Overview and Level Annotations

Branches:
Dungeon (8/15)             Temple (1/1) D:4
   Lair: D:8-11

Altars:
Ashenzari
Cheibriados
Dithmenos
Elyvilon
Fedhas
Gozag
Hepliaklqana
Kikubaaqudgha
Makhleb
Nemelex Xobeh
Okawaru
Qazlal
Ru
Sif Muna
Trog
Uskayaw
Vehumet
Wu Jian
Xom
Yredelemnul
Zin
The Shining One

Shops:
D:5 *   D:7 ?

Annotations:
D:8 Grum


Innate Abilities, Weirdness & Mutations

You reflexively headbutt those who attack you in melee.
You have a pair of horns on your head.


Message History

Grum hits you but does no damage.
You closely miss the two-headed ogre.
You headbutt the two-headed ogre, but do no damage.
The two-headed ogre is heavily wounded.
You barely miss the centaur.
The centaur hits you but does no damage.
The two-headed ogre hits you with a cursed -1 giant club!!
The two-headed ogre hits you with a +0 giant spiked club!
* * * LOW HITPOINT WARNING * * *
You hit the two-headed ogre.
Your headbutt misses the two-headed ogre.
The two-headed ogre is heavily wounded.
You hit the centaur. You block the centaur's attack.
Grum hits you from afar with a +0 glaive of protection.
* * * LOW HITPOINT WARNING * * *
You slash the two-headed ogre!
The two-headed ogre is severely wounded.
You hit the centaur but do no damage. The centaur barely misses you.
The two-headed ogre hits you with a cursed -1 giant club!!
You die...

+.....#
#.........#.....#
#.........#.....#
#.........#.....#
#........(#.....#
........ #.....#
#g.##.# #...#
#Oc##.####.((#####
#@†....(.(........
#....(..^.........
#.................
#.................
#.............##..
#......<......##..
#####.#####...##..
#.#.......##..
#..........†..


You could see a two-headed ogre, Grum and a centaur.

Vanquished Creatures
  Pikel (D:6)
  Grinder (D:3)
  Eustachio (D:4)
  A hungry ghost (D:7)
  Edmund (D:6)
  2 sky beasts
  A black bear (D:7)
  A phantom (D:5)
  2 ice beasts (D:5)
  3 wolves (D:8)
  6 ogres
  3 centaurs
  A bullfrog (D:6)
  A water moccasin zombie (D:5)
  2 scorpions
  4 killer bees (D:8)
  2 crimson imps
  A bullfrog zombie (D:6)
  A quasit (D:7)
  An orc priest (D:3)
  Jessica (D:3)
  2 iguanas
  A worker ant (D:4)
  A hound skeleton (D:6)
  A worker ant zombie (D:2)
  7 gnolls
  6 adders
  An ooze (D:2)
  2 adder skeletons (D:5)
  A worm (D:2)
  7 leopard geckos
  18 orcs
  12 bats
  5 giant cockroaches
  9 goblins
  11 hobgoblins
  6 jackals
  4 quokkas
  2 ball pythons
  5 frilled lizards
  2 jackal skeletons
  11 kobolds
  A leopard gecko skeleton (D:4)
  A quokka zombie (D:6)
  4 rats
157 creatures vanquished.

Vanquished Creatures (others)
  A slave (D:6)
1 creature vanquished.

Grand Total: 158 creatures vanquished

Notes
Turn   | Place    | Note
-------+----------+-------------------------------------------
     0 | D:1      | XanderDroid the Minotaur Berserker began the quest for the
                  | Orb.
     0 | D:1      | Reached XP level 1. HP: 19/19 MP: 0/0
     6 | D:1      | Noticed an electric eel
     7 | D:1      | Noticed an electric eel
    77 | D:1      | Reached XP level 2. HP: 27/27 MP: 1/1
   120 | D:1      | Reached skill level 4 in Axes
   123 | D:1      | Found an iron altar of Okawaru.
   321 | D:1      | Reached ** piety under Trog
   339 | D:1      | Reached XP level 3. HP: 33/33 MP: 2/2
   755 | D:2      | Reached XP level 4. HP: 40/40 MP: 3/3
  1213 | D:3      | Reached *** piety under Trog
  1382 | D:3      | Noticed Jessica
  1387 | D:3      | Killed Jessica
  1387 | D:3      | Reached skill level 5 in Axes
  1417 | D:3      | Noticed Grinder
  1421 | D:3      | Paralysed by Grinder for 5 turns
  1431 | D:3      | Paralysed by Grinder for 7 turns
  1440 | D:3      | Killed Grinder
  1440 | D:3      | Reached skill level 5 in Fighting
  1440 | D:3      | Reached skill level 6 in Axes
  1440 | D:3      | Reached XP level 5. HP: 28/48 MP: 4/4
  1440 | D:3      | Reached XP level 6. HP: 33/56 MP: 5/5
  2192 | D:4      | Found a staircase to the Ecumenical Temple.
  2211 | Temple   | Entered the Ecumenical Temple
  2560 | D:4      | Reached XP level 7. HP: 33/61 MP: 6/6
  2604 | D:4      | Reached skill level 7 in Axes
  3195 | D:4      | Found a hide-covered altar of Uskayaw.
  3210 | D:4      | Noticed Eustachio
  3227 | D:4      | Killed Eustachio
  3227 | D:4      | Reached **** piety under Trog
  3227 | D:4      | Reached skill level 5 in Armour
  3639 | D:5      | Entered Level 5 of the Dungeon
  3715 | D:5      | Reached XP level 8. HP: 62/70 MP: 7/7
  3755 | D:5      | Found Jear Rotu's General Store.
  3806 | D:5      | Bought a potion of ambrosia for 88 gold pieces
  3806 | D:5      | Bought a scroll of identify for 22 gold pieces
  3806 | D:5      | Bought a scroll of noise for 11 gold pieces
  3839 | D:5      | Reached skill level 8 in Axes
  3839 | D:5      | Reached skill level 5 in Dodging
  4611 | D:6      | Reached skill level 9 in Axes
  4808 | D:6      | Noticed Pikel
  4822 | D:6      | Killed Pikel
  4822 | D:6      | Reached XP level 9. HP: 79/79 MP: 8/8
  4923 | D:6      | Noticed Edmund
  4934 | D:6      | Reached skill level 10 in Axes
  4942 | D:6      | Killed Edmund
  5696 | D:7      | Found Nyvewn's Magic Scroll Emporium.
  5796 | D:7      | Found an ornate altar of the Wu Jian Council.
  6108 | D:8      | Found a shimmering altar of Xom.
  6202 | D:8      | Noticed a two-headed ogre
  6209 | D:8      | Noticed Grum
  6213 | D:8      | Reached skill level 11 in Axes
  6214 | D:8      | Reached ***** piety under Trog
  6225 | D:8      | Slain by a two-headed ogre

Levels and vault maps discovered:
D:1:      arrival_aquarium_b, layout_rooms, okawaru_ov_weapons_minmay
D:2:      layout_loops_cross, first_ration, kennysheep_generic_room_14
D:3:      layout_basic, uniq_jessica, uniq_grinder
D:4:      layout_basic, minmay_temple_entry_drinking_statues,
          lemuel_statue_altar, uniq_eustachio
D:5:      layout_loops_corners, serial_shops, shop_statue,
          chequers_serial_rivers_room_a, minmay_misc_feat_doors
D:6:      layout_cave_pods, uniq_edmund, uniq_pikel
D:7:      layout_basic, lemuel_crystal_altar, serial_glass, glass_columns_c,
          glass_columns_a, glass_columns_b, glass_columns_c, glass_columns_a,
          glass_columns_b, serial_shops,
          nicolae_shop_competitors_out_of_business
D:8:      layout_gridville, basic_altar, uniq_grum, uniq_joseph, uniq_maurice
Temple:   compressed_dpeg_triangle_lava_temple

Skill      XL: |  1  2  3  4  5  6  7  8  9 |
---------------+----------------------------+-----
Axes           | 4 6 7 9 11 | 11.0
Fighting       | 4 5 6 7 8 |  8.4
Armour         | 3 4 5 6 7 |  7.8
Dodging        | 3 4 6 7 |  7.2

Action                   |  1- 3 |  4- 6 |  7- 9 || total
-------------------------+-------+-------+-------++-------
Melee: Hand axe          |    76 |    87 |   279 ||   442
       Headbutt          |    13 |    24 |    59 ||    96
Invok: Berserk           |       |     1 |     2 ||     3
  Use: Scroll            |       |     3 |     7 ||    10
  Eat: Chunk             |       |     5 |    11 ||    16
       Ration            |       |       |     2 ||     2
Armor: Scale mail        |    33 |       |       ||    33
       Chain mail        |     7 |    51 |    25 ||    83
       Plate armour      |       |       |   120 ||   120
Dodge: Dodged            |    41 |    44 |   118 ||   203
Block: Other             |       |       |    65 ||    65
       Reflection        |       |       |     2 ||     2

Table legend:
 A = Non-vault XP
 B = Vault XP
 C = Vault XP percentage of total XP
 D = Non-vault monster count
 E = Vault monster count
 F = Vault count percentage of total count
                 A         B        C        D         E       F
            +---------+---------+-------+---------+---------+-------
      Total |    3288 |    1682 |  33.8 |     148 |       9 |   5.7
            +---------+---------+-------+---------+---------+-------
        D:1 |      47 |       0 |   0.0 |      28 |       0 |   0.0
        D:2 |      59 |       5 |   7.8 |      21 |       1 |   4.5
        D:3 |     176 |     318 |  64.4 |      36 |       2 |   5.3
        D:4 |     436 |     214 |  32.9 |      14 |       1 |   6.7
        D:5 |     958 |       0 |   0.0 |      21 |       0 |   0.0
        D:6 |     672 |     791 |  54.1 |      17 |       2 |  10.5
        D:7 |     543 |       0 |   0.0 |       5 |       0 |   0.0
        D:8 |     397 |     354 |  47.1 |       6 |       3 |  33.3
            +---------+---------+-------+---------+---------+-------
